 Dungeon Sprint DCSS version 0.21.2 (webtiles) character file.

8495 Fang the Severer (level 11, -6/81 HPs)
             Began as a Gargoyle Berserker on Oct 23, 2018.
             Was the Champion of Trog.
             Mangled by a spriggan defender
             ... wielding a +5 quick blade
              (14 damage)
             ... in the Dungeon (Sprint VII: "The Pits") on Oct 24, 2018.
             The game lasted 00:08:41 (2780 turns).

Fang the Severer (Gargoyle Berserker)               Turns: 2780, Time: 00:08:42

Health: -6/81      AC: 25    Str: 27    XL:     11   Next: 31%
Magic:  3/3        EV: 13    Int:  8    God:    Trog [******]
Gold:   0          SH:  0    Dex:  9    Spells: 10/10 levels left

rFire    . . .     SeeInvis .   b - +3 executioner's axe (antimagic)
rCold    . . .     Gourm    .   (shield currently unavailable)
rNeg     + . .     Faith    .   n - +2 plate armour
rPois    ∞         Spirit   .   (no helmet)
rElec    +         Reflect  .   (no cloak)
rCorr    .         Harm     .   (no gloves)
MR       .....     NoTele   +   (no boots)
Stlth    ..........             (no amulet)
HPRegen  0.23/turn              o - +3 ring of evasion
MPRegen  0.08/turn              p - +3 ring of strength

@: berserk cooldown, slowed, very slow
A: negative energy resistance 1, electricity resistance, unbreathing,
petrification resistance, rot immunity, AC +8
a: Berserk, Trog's Hand, Brothers in Arms, Burn Spellbooks, Renounce Religion


You were in the Dungeon.
You worshipped Trog.
Trog was exalted by your worship.
You were very hungry.

You visited 1 branch

Inventory:

Hand Weapons
 b - a +3 antimagic executioner's axe (weapon)
 s - a +2 war axe of chopping
 t - a +0 war axe of freezing
Armour
 n - a +2 plate armour (worn)
Jewellery
 o - a +3 ring of evasion (left hand)
 p - a +3 ring of strength (right hand)
Scrolls
 i - a scroll of blinking
 k - 3 scrolls of remove curse
 l - a scroll of summoning
Potions
 a - 2 potions of invisibility
 d - 7 potions of curing
 e - 9 potions of heal wounds
 f - a potion of haste
 g - 4 potions of magic
 h - 5 potions of berserk rage
 q - 2 potions of brilliance
 r - a potion of agility
Comestibles
 c - 9 rations


   Skills:
 + Level 15.0 Fighting
 + Level 16.5 Axes
 + Level 11.8 Armour
 + Level 7.3 Dodging
 + Level 4.8 Stealth


You had 10 spell levels left.
You didn't know any spells.

Dungeon Overview and Level Annotations

Branches:
Dungeon (1/1)

Altars:
Ashenzari
Cheibriados
Dithmenos
Elyvilon
Fedhas
Gozag
Hepliaklqana
Kikubaaqudgha
Makhleb
Nemelex Xobeh
Okawaru
Qazlal
Ru
Sif Muna
Trog
Uskayaw
Vehumet
Wu Jian
Xom
Yredelemnul
Zin
The Shining One
Beogh
Jiyva
Lugonu


Innate Abilities, Weirdness & Mutations

You are resistant to torment.
Your stone body is resilient. (AC +8)
You are immune to poison.
You resist negative energy. (rN+)
You are resistant to electric shocks. (rElec)
You can survive without breathing.
You are immune to petrification.
You are immune to rotting.


Message History

You miss the spriggan defender.
The spriggan defender is severely wounded.
The spriggan defender hits you but does no damage.
The spriggan defender closely misses you.
The spriggan defender hits you but does no damage.
Unknown command.
You closely miss the spriggan defender.
The spriggan defender is severely wounded.
The spriggan defender hits you with an enchanted quick blade!
* * * LOW HITPOINT WARNING * * *
The spriggan defender hits you but does no damage.
The spriggan defender barely misses you.
The spriggan defender hits you with an enchanted quick blade.
* * * LOW HITPOINT WARNING * * *
Unknown command.
You feel much better.
The spriggan defender hits you with an enchanted quick blade!!
* * * LOW HITPOINT WARNING * * *
The spriggan defender hits you with an enchanted quick blade!
You die...

### ##########
...###...##....##
#...#...##......#
##.....####....####
.##...##..##..##..##
..'...#............#
..#...#....#..#....##+#
..'.)()(((()....@i....#
))#...#....#..#....##+#
..'...#............#
.##...##..##..##..##
##(....####....####
#)).#...##......#
())###...##....## ####
##########


You could see a spriggan defender.

Vanquished Creatures
  A vampire knight (D)
  Harold (D)
  An elephant (D)
  2 smoke demons (D)
  A gargoyle (D)
  A kobold demonologist (D)
  A guardian mummy (D)
  A polar bear (D)
  A wind drake (D)
  A jumping spider (D)
  4 blink frogs (D)
  2 redbacks (D)
  2 tarantellas (D)
  A fire bat (D)
  A swamp drake (D)
  3 black bears (D)
  2 orc warriors (D)
  6 wolves (D)
  A centaur (D)
  A big kobold (D)
  A bullfrog (D)
  A scorpion (D)
  An orc priest (D)
  An iron imp (D)
  An iguana (D)
  A worker ant (D)
  An adder (D)
  2 gnolls (D)
  An ufetubus (D)
  7 orcs (D)
  2 bats (D)
  A giant cockroach (D)
  2 goblins (D)
  2 jackals (D)
  A ball python (D)
  A frilled lizard (D)
  8 kobolds (D)
68 creatures vanquished.

Vanquished Creatures (collateral kills)
  A sea snake (D)
  An unseen horror (D)
  A red devil (D)
  A merfolk (D)
  4 blink frogs (D)
  A wraith (D)
  A steam dragon (D)
  An ogre (D)
  A centaur (D)
  A crocodile (D)
  A bullfrog (D)
  A hobgoblin (D)
15 creatures vanquished.

Vanquished Creatures (others)
  An orc (D)
1 creature vanquished.

Grand Total: 84 creatures vanquished

Notes
Turn   | Place    | Note
-------+----------+-------------------------------------------
     0 | D        | Fang the Gargoyle Berserker began the quest for the Orb.
     0 | D        | Reached XP level 1. HP: 14/14 MP: 1/1
    15 | D        | Reached skill level 3 in Axes
    20 | D        | Found a bloodstained altar of Trog.
    20 | D        | Found a deep blue altar of Sif Muna.
    20 | D        | Found a viscous altar of Jiyva.
    20 | D        | Found a hazy altar of Hepliaklqana.
    20 | D        | Found an opulent altar of Gozag.
    21 | D        | Found a glowing golden altar of the Shining One.
    21 | D        | Found a glowing silver altar of Zin.
    21 | D        | Found a basalt altar of Yredelemnul.
    21 | D        | Found a shimmering altar of Xom.
    21 | D        | Found an ornate altar of the Wu Jian Council.
    21 | D        | Found a sacrificial altar of Ru.
    21 | D        | Found a stormy altar of Qazlal.
    21 | D        | Found an iron altar of Okawaru.
    21 | D        | Found a sparkling altar of Nemelex Xobeh.
    21 | D        | Found a burning altar of Makhleb.
    21 | D        | Found a blossoming altar of Fedhas.
    21 | D        | Found a white marble altar of Elyvilon.
    21 | D        | Found a shadowy altar of Dithmenos.
    21 | D        | Found a snail-covered altar of Cheibriados.
    23 | D        | Found a radiant altar of Vehumet.
    23 | D        | Found a corrupted altar of Lugonu.
    23 | D        | Found a roughly hewn altar of Beogh.
    66 | D        | Reached ** piety under Trog
   401 | D        | Reached XP level 2. HP: 16/20 MP: 2/2
   410 | D        | Reached skill level 4 in Axes
   570 | D        | Noticed a black bear
   572 | D        | Reached *** piety under Trog
   572 | D        | Reached XP level 3. HP: 19/24 MP: 3/3
   580 | D        | Killed a black bear
   580 | D        | Reached **** piety under Trog
   580 | D        | Reached skill level 6 in Axes
   580 | D        | Reached skill level 1 in Stealth
   580 | D        | Reached XP level 4. HP: 29/32 MP: 4/4
   580 | D        | Reached XP level 5. HP: 34/37 MP: 5/5
   751 | D        | Noticed an orc warrior
   752 | D        | Noticed a wolf
   752 | D        | Noticed a wolf
   755 | D        | Killed a wolf
   755 | D        | Reached skill level 7 in Axes
   758 | D        | Reached XP level 6. HP: 44/44 MP: 6/6
   762 | D        | Reached ***** piety under Trog
   765 | D        | Reached skill level 8 in Axes
   765 | D        | Reached skill level 5 in Armour
   769 | D        | Killed an orc warrior
   769 | D        | Received a gift from Trog
   769 | D        | Reached skill level 9 in Axes
   769 | D        | Reached skill level 5 in Dodging
   769 | D        | Reached XP level 7. HP: 52/52 MP: 7/7
   831 | D        | Noticed an elephant
   838 | D        | Killed an elephant
   838 | D        | Reached skill level 10 in Fighting
   838 | D        | Reached skill level 10 in Axes
   838 | D        | Reached XP level 8. HP: 59/59 MP: 8/8
  1060 | D        | Noticed a smoke demon
  1060 | D        | Noticed a wind drake
  1073 | D        | Killed a wind drake
  1073 | D        | Reached skill level 11 in Axes
  1083 | D        | Killed a smoke demon
  1083 | D        | Reached ****** piety under Trog
  1083 | D        | Reached skill level 12 in Axes
  1083 | D        | Reached XP level 9. HP: 24/65 MP: 9/9
  1344 | D        | Found the +8 autumn katana {slice, Clar}
  1439 | D        | Found a hide-covered altar of Uskayaw.
  1439 | D        | Found an ancient bone altar of Kikubaaqudgha.
  1439 | D        | Found a shattered altar of Ashenzari.
  1466 | D        | Received a gift from Trog
  1506 | D        | Noticed Harold
  1525 | D        | Killed Harold
  1525 | D        | Reached skill level 13 in Axes
  1538 | D        | Reached XP level 10. HP: 54/72 MP: 10/10
  1637 | D        | Noticed a smoke demon
  1645 | D        | Killed a smoke demon
  1645 | D        | Received a gift from Trog
  1645 | D        | Reached skill level 14 in Axes
  1714 | D        | Noticed a gargoyle
  1718 | D        | Killed a gargoyle
  1762 | D        | Reached skill level 10 in Armour
  1767 | D        | Noticed a vampire knight
  1787 | D        | Killed a vampire knight
  1787 | D        | Received a gift from Trog
  1787 | D        | Reached skill level 15 in Axes
  2217 | D        | Noticed a kobold demonologist
  2222 | D        | Received a gift from Trog
  2231 | D        | Killed a kobold demonologist
  2237 | D        | Reached XP level 11. HP: 80/80 MP: 11/11
  2240 | D        | Received a gift from Trog
  2519 | D        | Noticed a sea snake
  2522 | D        | Received a gift from Trog
  2524 | D        | Killed a sea snake
  2524 | D        | Reached skill level 16 in Axes
  2525 | D        | Received a gift from Trog
  2541 | D        | Received a gift from Trog
  2546 | D        | Killed an unseen horror
  2546 | D        | Reached skill level 15 in Fighting
  2757 | D        | Noticed a spriggan defender
  2779 | D        | HP: 1/81 [spriggan defender/enchanted quick blade (5)]
  2780 | D        | Mangled by a spriggan defender

Skill      XL: |  1  2  3  4  5  6  7  8  9 10 11 |
---------------+----------------------------------+-----
Axes           | 3 4 6 7 9 10 12 13 15 16 | 16.5
Fighting       | 4 6 8 9 10 11 12 14 15 | 15.0
Armour         | 3 4 5 6 7 9 11 | 11.8
Dodging        | 2 3 4 5 6 7 |  7.3
Stealth        | 1 2 3 4 |  4.8

Action                   |  1- 3 |  4- 6 |  7- 9 | 10-12 || total
-------------------------+-------+-------+-------+-------++-------
Melee: Hand axe          |    25 |    16 |    47 |       ||    88
       War axe           |       |       |    29 |    85 ||   114
       Executioner's axe |       |       |       |    32 ||    32
Invok: Berserk           |     2 |     1 |     4 |     5 ||    12
       Brothers in Arms  |       |       |       |     2 ||     2
  Use: Potion            |       |       |       |     1 ||     1
  Eat: Chunk             |       |     1 |     7 |     8 ||    16
Armor: Animal skin       |     6 |       |       |       ||     6
       Plate armour      |       |     8 |    40 |    85 ||   133
Dodge: Dodged            |    31 |     5 |    33 |    63 ||   132
